Map: Fields of Death

Players

Alebay - Winner!

  • Race: Protoss Protoss
  • Spawn Location: 12:00

MattBarry - Winner!

  • Race: Zerg Zerg
  • League: Gold
  • Spawn Location: 12:00

VOD

Have the link to the VOD?

Description

Time

  • Played on: Jan. 27, 2023, 5:09 p.m.
  • Length: 6:53
Show
View Real Time Build Order
Export as new Build Order

Alebay Protoss - Winner!

Build Orders:  

Get SALT Encoding   

  12  0:03  Probe (Chrono Boost)  
  13  0:25  Probe (Chrono Boost)  
  14  0:32  Pylon  
  15  0:42  Probe (Chrono Boost)  
  16  1:00  Probe (Chrono Boost)  
  9  1:20  Probe (Chrono Boost)  
  17  1:29  Pylon  
  17  1:56  Gateway  
  17  1:57  Gateway  
  17  1:59  Gateway  
  17  2:56  Zealot x3 (Chrono Boost)  
  23  3:16  Pylon  
  23  3:34  Zealot x3 (Chrono Boost)  
  35  4:12  Zealot x3 (Chrono Boost)  
  35  4:36  Zealot (Chrono Boost)  
  39  4:50  Zealot (Chrono Boost)  
  39  4:52  Pylon  
  39  4:54  Pylon  
  41  5:23  Zealot (Chrono Boost)  
  39  5:57  Zealot x2 (Chrono Boost)  
  41  6:01  Zealot (Chrono Boost), Pylon  
  41  6:03  Pylon  
  41  6:05  Pylon  
Show
View Real Time Build Order
Export as new Build Order

MattBarry Zerg - Winner!

Build Orders:  

Get SALT Encoding   

  12  0:00  Drone  
  13  0:11  Drone  
  14  0:24  Drone, Extractor  
  14  0:28  Extractor  
  13  0:33  Drone  
  15  0:53  Spawning Pool  
  14  1:07  Overlord  
  14  1:18  Drone, Extractor  
  15  1:33  Drone x2  
  17  1:59  Zergling x2  
  18  2:00  Zergling x2  
  18  2:07  Zergling x2  
  20  2:11  Queen  
  22  2:22  Overlord  
  22  2:34  Evolution Chamber  
  22  2:38  Zergling x2  
  22  2:48  Metabolic Boost  
  22  3:17  Drone  
  22  3:18  Drone  
  24  3:36  Zergling x2  
  24  3:46  Zerg Melee Weapons Level 1  
  24  3:52  Zergling x8  
  27  4:05  Zergling x2  
  27  4:18  Zergling x2  
  27  4:42  Zergling x2  
  27  4:43  Zergling x2  
  29  4:55  Overlord  
  25  5:33  Zergling x2  
  25  5:34  Zergling x4  
  26  6:14  Zergling x2  
  26  6:15  Zergling x6  
Tags
 
League
Gold
Matchup
Co-op
Replay Pack
Multiplayer
Add a new tag
Caveats
  • Supply blocks, unpowered buildings, or Contaminate may cause inaccurate times.
  • Supply counts are checked every 10 seconds.